 Dungeon Crawl Stone Soup version 0.31-a0-1178-gc5c9b8f871 (webtiles) character file.

Game seed: 16067836905866925682

26 grandjackal the Chopper (level 2, -2/23 HPs)
             Began as a Demonspawn Gladiator on Dec 11, 2023.
             Slain by Terence
             ... wielding a +0 flail
              (5 damage)
             ... on level 2 of the Dungeon.
             The game lasted 00:00:55 (597 turns).

grandjackal the Chopper (Demonspawn Gladiator)       Turns: 597, Time: 00:00:56

Health: -2/23      AC:  4    Str: 14    XL:     2   Next: 89%
Magic:  2/2        EV: 12    Int:  8    God:
Gold:   79         SH:  0    Dex: 14    Spells: 1/1 levels left

rFire   . . .        a - +0 war axe
rCold   . . .        (no shield)
rNeg    . . .        b - +0 leather armour
rPois   .            (helmet restricted)
rElec   .            (no cloak)
rCorr   .            (no gloves)
SInv    .            c - +0 pair of boots
Will    .....        (no amulet)
Stlth   +            (no ring)
HPRegen 0.23/turn    (no ring)
MPRegen 0.08/turn

%: no passive effects
@: no status effects
A: horns 1
a: no special abilities


You were on level 2 of the Dungeon.
You visited 1 branch of the dungeon, and saw 2 of its levels.

You collected 79 gold pieces.

Inventory:

Hand Weapons
 a - a +0 war axe (weapon)
Missiles
 e - a javelin
Armour
 b - a +0 leather armour (worn)
 c - a +0 pair of boots (worn)
Scrolls
 h - a scroll of fog {unknown}
 i - a scroll of revelation {unknown}
Potions
 f - a potion of degeneration {unknown}
 g - a potion of might {unknown}


   Skills:
 + Level 2.5 Fighting
 + Level 3.0 Axes
 - Level 2.0 Throwing
 + Level 0.1 Armour
 - Level 3.0 Dodging


You had one spell level left.
You didn't know any spells.
Your spell library contained the following spells:

 Spells                   Type           Power      Damage    Failure   Level
 Anguish                  Hex/Necr       0%         N/A       99%         4
 Cause Fear               Hex            0%         N/A       99%         4
 Enfeeble                 Hex            0%         N/A       100%        7
 Chain Lightning          Conj/Air       0%         N/A       100%        9
 Fire Storm               Conj/Fire      0%         5d1       100%        9
 Shatter                  Erth           0%         3d5*      100%        9


Dungeon Overview and Level Annotations

Branches:
Dungeon (2/15)

Altars:

Shops:
D:1 [

Annotations:
D:2 Terence


Innate Abilities, Weirdness & Mutations

You have a pair of small horns on your head.


Message History

Terence is moderately wounded.
Terence struggles against the net.
You hit Terence but do no damage.
Terence is moderately wounded.
Terence struggles against the net. x2
The net rips apart, and Terence comes free!
You closely miss Terence.
Terence is moderately wounded.
Terence hits you with a +0 flail.
* * * LOW HITPOINT WARNING * * *
Throw: 2 throwing nets
Press: ? - help, Q - select action, (/) - cycle Shift-Dir - straight line, f/p - Terence
Aim: Terence, wielding a +0 flail and wearing a +0 chain mail (moderately wounded, 65% to hit)
You throw a throwing net. The throwing net hits Terence.
Terence is caught in the net!
Terence is moderately wounded.
Terence struggles against the net.
You hit Terence but do no damage.
Terence is moderately wounded.
Terence looks scornfully at you.
Terence struggles against the net.
You slash Terence!
Terence is almost dead.
Terence struggles against the net.
You catch the helpless Terence completely off-guard!
You hit Terence. Your headbutt misses Terence.
Terence is almost dead.
Terence struggles against the net. x2
You hit Terence but do no damage.
Terence is almost dead.
Terence screams, "I'm going to kill you!"
Terence struggles against the net.
The net rips apart, and Terence comes free!
Throw: throwing net
Press: ? - help, Q - select action, (/) - cycle Shift-Dir - straight line, f/p - Terence
Aim: Terence, wielding a +0 flail and wearing a +0 chain mail (almost dead, 65% to hit)
You throw a throwing net. The throwing net barely misses Terence.
Terence hits you with a +0 flail.
You die...
Terence says, "Time to find some more victims."

######### #.##.#.#
.......>#### #.##.#.#
#######....# #.##.#.#
..#....# #.#..#.#
#.#....## #.....<#
#.#.....######....#.#
#.#...............#.#
#.#..###.##########.#
#....@.......... ...
####@##.....###. ...
#w##.....# ....
#.##.....+ .....
#.##.....# #.##......
#.##......#
########.# .........#


You could see Terence and a worm.

Vanquished Creatures
  A dart slug (D:1)
  2 endoplasms (D:1)
  2 giant cockroaches (D:1)
  4 goblins (D:1)
  3 hobgoblins (D:1)
  3 ball pythons (D:1)
  A bat (D:1)
  A frilled lizard (D:1)
  4 kobolds (D:1)
  2 rats (D:1)
23 creatures vanquished.

Notes
Turn   | Place    | Note
-------+----------+-------------------------------------------
     0 | D:1      | grandjackal the Demonspawn Gladiator began the quest for
                  | the Orb.
     0 | D:1      | Reached XP level 1. HP: 16/16 MP: 1/1
   100 | D:1      | Gained mutation: You have a pair of small horns on your
                  | head. [demonic ancestry]
   100 | D:1      | Reached XP level 2. HP: 22/22 MP: 2/2
   284 | D:1      | Found Vigorghi's Armour Boutique.
   570 | D:2      | Noticed Terence
   597 | D:2      | Slain by Terence

Illustrated notes

Levels and vault maps discovered:
D:1:      minmay_arrival_semitransparent, layout_rooms, serial_shops,
          nicolae_shop_just_a_little_nook, kennysheep_decorative_pillar,
          minmay_tiny_reverse_x
D:2:      layout_basic, basic_altar, uniq_robin, uniq_terence

Skill      XL: |  1  2 |
---------------+-------+-----
Throwing       | 2 |  2.0
Axes           | 3 |  3.0
Dodging        | 3 |  3.0
Fighting       | |  2.5
Armour         | |  0.1

Action                     || total
---------------------------++-------
  Melee: War axe           ||    45
         Headbutt          ||     6
  Throw: Throwing net      ||     3
   Stab: Held in net/web   ||     1
 Armour: Leather armour    ||    20
  Dodge: Dodged            ||    18

Table legend: (Time is in decaauts)
 A = Elapsed time spent in this place.
 B = Non-inter-level travel time spent in this place.
 C = Inter-level travel time spent in this place.
 D = Time resting spent in this place.
 E = Time spent auto-exploring this place.
 F = Levels seen in this place.
 G = Mean time per level.
                   A        B        C        D        E       F      G
               +--------+--------+--------+--------+--------+-----+--------+
         Total |    612 |    603 |      9 |     55 |    403 |   2 |  306.0 |
       Dungeon |    612 |    603 |      9 |     55 |    403 |   2 |  306.0 |
               +--------+--------+--------+--------+--------+-----+--------+

Top non-repeatable levels by time:
     D:1: 544 daAuts
     D:2: 68 daAuts
